 Seeded DCSS version 0.30-a0-989-g0d87f670db (webtiles) character file.

Game seed: 12174115960195584590 (custom seed)

2 DeathPants the Sneak (level 1, 0/7 (11) HPs)
             Began as a Vine Stalker Delver on Apr 3, 2023.
             Slain by an ufetubus (2 damage)
             ... on level 5 of the Dungeon.
             The game lasted 00:01:30 (181 turns).

DeathPants the Sneak (Vine Stalker Delver)           Turns: 181, Time: 00:01:31

HP:   0/7 (11)      AC:  3    Str: 14    XL:     1   Next: 40%
MP:   0/2           EV: 12    Int: 10    God:
Gold: 19            SH:  0    Dex: 18    Spells: 0/0 levels left

rFire   x . .      SeeInvis .    a - +0 falchion
rCold   . . .      Faith    .    (no shield)
rNeg    . . .      Spirit   +    b - +0 leather armour
rPois   .          Reflect  .    (no helmet)
rElec   +          Rampage  .    e - scarf "Jojumos" {+Inv, rElec rF- Dex+3 Slay+5}
rCorr   .                        (no gloves)
Will    .....                    (no boots)
Stlth   +++                      (no amulet)
HPRegen 0.21/turn                (no ring)
MPRegen 0.08/turn                (no ring)

@: very heavily drained
A: fangs 2, magic shield, antimagic bite, no potion heal 2
a: Evoke Invisibility


You were on level 5 of the Dungeon.
You visited 1 branch of the dungeon, and saw 2 of its levels.

You collected 19 gold pieces.

Inventory:

Hand Weapons
 a - a +0 falchion (weapon)
Armour
 b - a +0 leather armour (worn)
 e - the scarf "Jojumos" (worn) {+Inv, rElec rF- Dex+3 Slay+5}
   (You found it on level 5 of the Dungeon)

   Dex:       It affects your dexterity (+3).
   Slay:      It affects your accuracy & damage with ranged weapons and melee
   (+5).
   rF:        It makes you vulnerable to fire.
   rElec:     It insulates you from electricity.
Wands
 g - a wand of digging (3)
Scrolls
 c - a scroll of fog
 d - a scroll of magic mapping
Potions
 f - a potion of haste
 h - a potion of magic {unknown}


   Skills:
 + Level 2.7 Fighting
 * Level 1.9 Long Blades
 + Level 1.6 Dodging
 + Level 6.0 Stealth


You couldn't memorise any spells.
You didn't know any spells.
Your spell library contained the following spells:

 Spells                   Type           Power      Damage    Failure   Level
 Inner Flame              Hex/Fire       0%         N/A       82%         3
 Cause Fear               Hex            0%         N/A       99%         4
 Discord                  Hex            0%         N/A       100%        8


Dungeon Overview and Level Annotations

Branches:
Dungeon (6/15)             Temple (0/1) D:5

Altars:


Innate Abilities, Weirdness & Mutations

You have extremely sharp teeth.
When hurt, damage is shared between your health and your magic reserves.
Your bite disrupts and absorbs the magic of your enemies.
Potions cannot restore your health.


Message History

Found a hand axe.
The dart slug launches a dart at you. The slug dart hits you.
Found a dagger.
Found a sedimented golden potion.
You hit the dart slug.
The dart slug is moderately wounded.
You hit the dart slug.
The dart slug is almost dead.
The dart slug barely misses you.
You slash the dart slug!
You kill the dart slug!
You hear the slow rusting of a very distant drain.
You see here the scarf "Jojumos" {+Inv, rElec rF- Dex+3 Slay+5}.
e - the scarf "Jojumos" {+Inv, rElec rF- Dex+3 Slay+5} You start putting on your armour.
You continue putting on the scarf "Jojumos" {+Inv, rElec rF- Dex+3 Slay+5}. x2
HP restored.
You continue putting on the scarf "Jojumos" {+Inv, rElec rF- Dex+3 Slay+5}. x2
You finish putting on the scarf "Jojumos" {+Inv, rElec rF- Dex+3 Slay+5}.
You become transparent for a moment.
You feel agile.
h - a sedimented golden potion A jelly comes into view.
An ufetubus comes into view.
The ufetubus shouts!
A water moccasin comes into view.
You feel drained.
You fail to use your ability.
You feel drained.
You fail to use your ability.
The ufetubus barely misses you.
The ufetubus hits you but does no damage.
The ufetubus attacks as you move away! The ufetubus hits you. x2
A sleepcap comes into view.
The ufetubus attacks as you move away! The ufetubus barely misses you. x3
The ufetubus hits you.
* * * LOW HITPOINT WARNING * * *
The jelly quivers.
The ufetubus barely misses you.
The ufetubus hits you but does no damage.
The ufetubus misses you. The ufetubus hits you.
You die...

... ..... #####
......
#...####......
#......f...... #
#......J...... #
###...........# #
#.5S........######
###@................
#...................
#...................
#....########.......
#....########.......
#...................
####.........###....
#.........# #....
#.........# #....


You could see a water moccasin (wandering), a sleepcap, a jelly and an ufetubus.

Vanquished Creatures
  A dart slug (D:5)
1 creature vanquished.

Vanquished Creatures (others)
  A plant (D:5)
1 creature vanquished.

Grand Total: 2 creatures vanquished

Notes
Turn   | Place    | Note
-------+----------+-------------------------------------------
     0 | D:5      | DeathPants the Vine Stalker Delver began the quest for the
                  | Orb.
     0 | D:5      | Reached XP level 1. HP: 11/11 MP: 2/2
    84 | D:6      | Noticed an iguana
    94 | D:5      | Noticed a water moccasin
   100 | D:5      | Noticed an iguana
   104 | D:5      | Found a staircase to the Ecumenical Temple.
   133 | D:5      | Noticed a hound
   151 | D:5      | Identified the scarf "Jojumos" {+Inv, rElec rF- Dex+3
                  | Slay+5}
   174 | D:5      | Noticed a jelly
   175 | D:5      | Noticed a water moccasin
   178 | D:5      | Noticed a sleepcap
   181 | D:5      | Slain by an ufetubus

Illustrated notes

Levels and vault maps discovered:
D:5:      layout_basic, minmay_temple_entry_gardened_gates, gup_sewer_entry_pipe
D:6:      layout_basic, serial_undead, serial_undead_c, serial_undead_b,
          serial_undead_d, serial_undead_a, serial_undead_b, serial_undead_e,
          serial_undead_b, serial_undead_d

Action                     || total
---------------------------++-------
  Melee: Falchion          ||     3
    Use: Scroll            ||     1
 Armour: Leather armour    ||     2
  Dodge: Dodged            ||     7

Table legend: (Time is in decaauts)
 A = Elapsed time spent in this place.
 B = Non-inter-level travel time spent in this place.
 C = Inter-level travel time spent in this place.
 D = Time resting spent in this place.
 E = Time spent auto-exploring this place.
 F = Levels seen in this place.
 G = Mean time per level.
                   A        B        C        D        E       F      G
               +--------+--------+--------+--------+--------+-----+--------+
         Total |    182 |    182 |      0 |      0 |     51 |   2 |   91.0 |
       Dungeon |    182 |    182 |      0 |      0 |     51 |   2 |   91.0 |
               +--------+--------+--------+--------+--------+-----+--------+

Top non-repeatable levels by time:
     D:5: 147 daAuts
     D:6: 34 daAuts
